 Dungeon Crawl Stone Soup version 0.24-a0-537-g2d01d4ab0a (webtiles) character file.

Game seed: 17186596147941578113

1418 Napalmbreeze the Fighter (level 8, -2/74 HPs)
             Began as a Hill Orc Fighter on Aug 13, 2019.
             Was a Follower of Beogh.
             Slain by Prince Ribbit (7 damage)
             ... on level 6 of the Dungeon.
             The game lasted 00:10:53 (5547 turns).

Napalmbreeze the Fighter (Hill Orc Fighter)         Turns: 5547, Time: 00:10:55

Health: -2/74      AC: 12    Str: 25 (26) XL:     8   Next: 71%
Magic:  11/11      EV:  8    Int:  6 (8)  God:    Beogh [*.....]
Gold:   338        SH: 10    Dex:  9 (10) Spells: 7/7 levels left

rFire    + . .     SeeInvis .   C - +2 hand axe (freeze)
rCold    . . .     Gourm    .   c - +0 shield
rNeg     . . .     Faith    .   t - +2 scale mail {rF+}
rPois    .         Spirit   .   s - +0 helmet
rElec    .         Reflect  .   (no cloak)
rCorr    .         Harm     .   (no gloves)
MR       .....                  r - +0 pair of boots
Stlth    ..........             h - amulet of regeneration
HPRegen  0.62/turn              (no ring)
MPRegen  0.12/turn              (no ring)

@: mighty, lightly drained
A: no striking features
a: Renounce Religion


You were on level 6 of the Dungeon.
You worshipped Beogh.
Beogh was aware of your devotion.
You were not hungry.

You visited 1 branch of the dungeon, and saw 7 of its levels.

You collected 338 gold pieces.

Inventory:

Hand Weapons
 a - a +0 war axe
 C - a +2 hand axe of freezing (weapon)
Missiles
 y - 2 throwing nets (quivered)
Armour
 c - a +0 shield (worn)
 p - a +0 plate armour
 r - a +0 pair of boots (worn)
 s - a +0 helmet (worn)
 t - a +2 scale mail of fire resistance (worn)
Jewellery
 h - an amulet of regeneration (around neck)
 B - an uncursed ring of positive energy {unknown}
Scrolls
 j - 9 scrolls of identify {unknown}
 k - a scroll of noise {unknown}
 l - 4 scrolls of enchant armour {unknown}
 m - 2 scrolls of random uselessness {unknown}
 n - 4 scrolls of amnesia {unknown}
 o - a scroll of teleportation {unknown}
 q - a scroll of fog {unknown}
 v - a scroll of magic mapping {unknown}
 w - a scroll of fear {unknown}
 x - 3 scrolls of remove curse {unknown}
 D - a scroll of immolation {unknown}
Potions
 b - 3 potions of degeneration
 e - a potion of curing
 g - 2 potions of mutation {unknown}
 i - 2 potions of resistance {unknown}
 u - a potion of magic {unknown}
 z - a potion of haste {unknown}
 A - 2 potions of heal wounds {unknown}
Comestibles
 f - 7 rations


   Skills:
 * Level 8.3(8.2) Fighting
 + Level 6.1(6.0) Axes
 + Level 5.8(5.7) Armour
 + Level 5.8(5.7) Shields
 + Level 4.5 Invocations


You had 7 spell levels left.
You didn't know any spells.
Your spell library contained the following spells:

 Spells                   Type           Power        Failure   Level  Hunger
 Beastly Appendage        Tmut           #.....       98%         1    ##.....
 Corona                   Hex            #......      98%         1    ##.....
 Ensorcelled Hibernation  Hex/Ice        #.....       99%         2    ###....
 Sticks to Snakes         Tmut           #.......     99%         2    ###....
 Confuse                  Hex            #.......     100%        3    ####...
 Dazzling Spray           Conj/Hex       #.....       100%        3    ####...
 Spider Form              Tmut/Pois      #.........   100%        3    ####...
 Tukima's Dance           Hex            #.......     100%        3    ####...
 Ice Form                 Ice/Tmut       #.......     100%        4    #####..
 Blade Hands              Tmut           #.........   100%        5    ######.


Dungeon Overview and Level Annotations

Branches:
Dungeon (7/15)             Temple (0/1) D:6

Altars:
Dithmenos
Gozag
Kikubaaqudgha
Sif Muna
Yredelemnul

Shops:
D:5 (

Annotations:
D:6 Prince Ribbit
D:7 Dowan, Duvessa


Message History

Unknown command.
It was a potion of degeneration.
There was something very wrong with that liquid.
You feel weakened.
You feel dopey.
You feel clumsy.
Prince Ribbit hits you but does no damage.
It was a potion of curing.
You feel better.
Prince Ribbit hits you but does no damage.
Prince Ribbit hits you!
* * * LOW HITPOINT WARNING * * *
You feel better.
Prince Ribbit hits you but does no damage.
You feel very mighty all of a sudden.
Prince Ribbit hits you but does no damage.
You hit Prince Ribbit. You freeze Prince Ribbit.
Prince Ribbit is severely wounded.
Prince Ribbit hits you!
* * * LOW HITPOINT WARNING * * *
Prince Ribbit lets out a mournful croak.
Prince Ribbit hits you!
You die...

#.# #...#.#
#............##### #.#
#.#.#.# #.................
#.# #.#.#.#
#............##### #.#
#...#.# #.########'###
#.#####.#.# #.# #.#
#.......#.# #.# #.# ####
#######.#.# #.# #.# #...
#...#.# #.# #.# #...
#...#.###@########.####...
#...#...F>................
#...##############.####...
###.# #.# #### #.# #.#
#... #.# #.# #.## #.#
#########.# #.#
#.######.........# #.#
#.#.......######## #.#


You could see Prince Ribbit.

Vanquished Creatures
  Eustachio (D:5)
  An orc warrior (D:6)
  A necrophage (D:6)
  2 ice beasts
  An ogre (D:4)
  A bullfrog (D:6)
  2 scorpions (D:4)
  5 wights (D:6)
  4 howler monkeys
  An orc priest (D:6)
  3 worker ants (D:5)
  Terence (D:3)
  A worker ant zombie (D:4)
  7 adders
  An adder zombie (D:6)
  2 worms (D:2)
  2 dart slugs (D:1)
  4 leopard geckos
  22 orcs
  2 bats
  A giant cockroach (D:1)
  8 goblins
  7 hobgoblins
  6 jackals
  A quokka (D:6)
  2 ball pythons
  3 frilled lizards
  4 kobolds
  7 rats
103 creatures vanquished.

Notes
Turn   | Place    | Note
-------+----------+-------------------------------------------
     0 | D:1      | Napalmbreeze the Hill Orc Fighter began the quest for the
                  | Orb.
     0 | D:1      | Reached XP level 1. HP: 19/19 MP: 1/1
   128 | D:1      | Reached XP level 2. HP: 23/27 MP: 2/2
   196 | D:1      | Reached skill level 4 in Fighting
   976 | D:2      | Reached XP level 3. HP: 31/33 MP: 3/3
  1755 | D:3      | Reached XP level 4. HP: 39/41 MP: 4/4
  2021 | D:3      | Became a worshipper of Beogh the Brigand
  2180 | D:3      | Reached skill level 5 in Fighting
  2284 | D:3      | Reached XP level 5. HP: 48/48 MP: 5/5
  2300 | D:3      | Noticed Terence
  2305 | D:3      | Killed Terence
  2354 | D:3      | Found a shadowy altar of Dithmenos.
  2359 | D:3      | Found a shimmering blue altar of Sif Muna.
  2362 | D:3      | Found a basalt altar of Yredelemnul.
  2941 | D:4      | Reached skill level 1 in Invocations
  3042 | D:4      | Reached XP level 6. HP: 56/56 MP: 6/6
  3064 | D:4      | Reached skill level 6 in Fighting
  3162 | D:4      | Found an ancient bone altar of Kikubaaqudgha.
  3163 | D:4      | Found an opulent altar of Gozag.
  3347 | D:4      | Reached * piety under Beogh
  3421 | D:5      | Entered Level 5 of the Dungeon
  3533 | D:5      | Noticed an ice beast
  3548 | D:5      | Killed an ice beast
  3548 | D:5      | Reached XP level 7. HP: 64/64 MP: 8/8
  3588 | D:5      | Noticed Eustachio
  3786 | D:5      | Killed Eustachio
  3919 | D:5      | Found Kuvad's Antique Weapon Shoppe.
  4016 | D:5      | Reached skill level 5 in Axes
  4016 | D:5      | Reached skill level 5 in Armour
  4489 | D:6      | Found a staircase to the Ecumenical Temple.
  4497 | D:6      | Reached skill level 7 in Fighting
  4497 | D:6      | Reached skill level 5 in Shields
  4742 | D:6      | Reached XP level 8. HP: 60/72 MP: 10/10
  5317 | D:6      | Reached skill level 8 in Fighting
  5477 | D:7      | Noticed Prince Ribbit
  5484 | D:7      | Noticed Dowan
  5528 | D:7      | Noticed Duvessa
  5547 | D:6      | Slain by Prince Ribbit

Levels and vault maps discovered:
D:1:      lemuel_arrival_hallway, layout_basic
D:2:      layout_rooms, wad_orctagon
D:3:      layout_basic, grunt_temple_overflow_diamond, uniq_terence
D:4:      layout_loops_ring, minitemple, first_ration
D:5:      layout_loops_corners, serial_shops, shop, kennysheep_nub,
          minmay_statues_item, uniq_eustachio
D:6:      layout_basic, minmay_temple_entry_grid
D:7:      layout_rooms, serial_shops, shop, nicolae_shop_crystal, shop,
          chequers_mini_garden, uniq_duvessa, uniq_prince_ribbit1

Skill      XL: |  1  2  3  4  5  6  7  8 |
---------------+-------------------------+-----
Fighting       | 4 5 6 7 8 |  8.3
Axes           | 3 4 5 6 |  6.1
Armour         | 4 5 |  5.8
Shields        | 4 5 |  5.8
Invocations    | 1 2 3 4 |  4.5

Action                   |  1- 3 |  4- 6 |  7- 9 || total
-------------------------+-------+-------+-------++-------
Melee: War axe           |   106 |   205 |    70 ||   381
       Hand axe          |       |       |   115 ||   115
Invok: Convert to Beogh  |       |     1 |       ||     1
  Use: Potion            |       |       |     4 ||     4
  Eat: Chunk             |     3 |     3 |     1 ||     7
       Ration            |       |     1 |     2 ||     3
Armor: Scale mail        |    20 |    35 |    89 ||   144
       Plate armour      |    21 |    87 |       ||   108
Dodge: Dodged            |    25 |    42 |    67 ||   134
Block: Shield            |    55 |    99 |   104 ||   258

Table legend:
 A = Non-vault XP
 B = Vault XP
 C = Vault XP percentage of total XP
 D = Non-vault monster count
 E = Vault monster count
 F = Vault count percentage of total count
                 A         B        C        D         E       F
            +---------+---------+-------+---------+---------+-------
      Total |    1780 |     246 |  12.1 |      97 |       6 |   5.8
            +---------+---------+-------+---------+---------+-------
        D:1 |      25 |       0 |   0.0 |      14 |       0 |   0.0
        D:2 |      37 |      12 |  24.5 |      10 |       4 |  28.6
        D:3 |      95 |      32 |  25.2 |      33 |       1 |   2.9
        D:4 |     321 |       0 |   0.0 |      12 |       0 |   0.0
        D:5 |     232 |     202 |  46.5 |       5 |       1 |  16.7
        D:6 |     944 |       0 |   0.0 |      19 |       0 |   0.0
        D:7 |     126 |       0 |   0.0 |       4 |       0 |   0.0
            +---------+---------+-------+---------+---------+-------
